 Dungeon Crawl Stone Soup version 0.27-a0-1391-g48c30b3128 (webtiles) character file.

Game seed: 13482750418266976206

919 Kinoniko the Cleaver (level 7, -5/53 HPs)
             Began as a Demonspawn Berserker on July 1, 2021.
             Was an Elder of Trog.
             Succumbed to Dowan's poison
             ... on level 5 of the Dungeon.
             The game lasted 00:04:59 (5133 turns).

Kinoniko the Cleaver (Demonspawn Berserker)         Turns: 5133, Time: 00:04:59

Health: -5/53      AC: 11    Str: 19    XL:     7   Next: 83%
Magic:  7/7        EV:  7    Int:  9    God:    Trog [****..]
Gold:   277        SH:  0    Dex: 12    Spells: 6/6 levels left

rFire    . . .     SeeInvis .   a - +0 hand axe
rCold    . . .     Faith    .   (no shield)
rNeg     . . .     Spirit   .   q - +0 chain mail
rPois    .         Reflect  .   s - +1 helmet
rElec    .         Harm     .   (no cloak)
rCorr    .         Rampage  .   (no gloves)
Will     .....                  (no boots)
Stlth    ..........             (no amulet)
HPRegen  0.17/turn              (no ring)
MPRegen  0.10/turn              (no ring)

@: lethally poisoned (-5 -> -32), on berserk cooldown
A: talons 1, rugged brown scales 1, powered by pain 1
a: Renounce Religion, Berserk, Trog's Hand, Brothers in Arms


You were on level 5 of the Dungeon.
You worshipped Trog.
Trog was greatly pleased with you.
You visited 1 branch of the dungeon, and saw 5 of its levels.

You collected 277 gold pieces.

Inventory:

Hand Weapons
 a - a +0 hand axe (weapon)
Armour
 q - a +0 chain mail (worn)
 s - a +1 helmet (worn)
 t - a +0 kite shield
Jewellery
 e - a ring of ice
Scrolls
 b - a scroll of noise
 g - a scroll of blinking {unknown}
 l - a scroll of immolation
 o - a scroll of teleportation
 p - 2 scrolls of vulnerability
 v - a scroll of fog {unknown}
Potions
 c - 2 potions of attraction
 d - 2 potions of haste {unknown}
 f - 3 potions of heal wounds
 h - a potion of invisibility {unknown}
 i - 2 potions of cancellation
 j - 2 potions of curing {unknown}
 k - a potion of mutation {unknown}
 m - a potion of ambrosia {unknown}
 n - a potion of might {unknown}
 r - a potion of berserk rage {unknown}
 u - a potion of lignification {unknown}


   Skills:
 - Level 3.0 Fighting
 * Level 8.7 Axes
 - Level 1.7 Armour
 - Level 1.7 Dodging


You had 6 spell levels left.
You didn't know any spells.
Your spell library contained the following spells:

 Spells                   Type           Power      Damage    Failure   Level
 Shock                    Conj/Air       0%         1d3       99%         1
 Static Discharge         Conj/Air       0%         N/A       100%        2
 Swiftness                Air            0%         N/A       100%        3
 Airstrike                Air            0%         N/A       100%        4
 Lightning Bolt           Conj/Air       0%         1d11      100%        5


Dungeon Overview and Level Annotations

Branches:
Dungeon (5/15)
 Temple: D:4-7

Altars:
Kikubaaqudgha
Yredelemnul

Annotations:
D:5 Dowan


Innate Abilities, Weirdness & Mutations

You have sharp toenails.
You are partially covered in rugged brown scales. (AC +1, +3% HP)
You sometimes gain a little power by taking damage.


Message History

Dowan casts a spell.
Dowan blinks!
You feel sick.
You feel a strong urge to attack something.
You are no longer berserk.
You are exhausted.
You feel yourself slow down.
You feel sick.
Dowan hits you with a +2 dagger of venom.
You are more poisoned.
You miss Dowan. Your kick misses Dowan.
You feel very sick.
Dowan hits you with a +2 dagger of venom.
You are more poisoned.
Dowan closely misses you.
You slash Dowan! You claw Dowan, but do no damage.
Dowan is moderately wounded.
You feel very sick.
Dowan points at you and mumbles some strange words.
The shard of ice hits you!!
* * * LOW HITPOINT WARNING * * *
You focus on the pain.
You feel agile all of a sudden. Dowan hits you but does no damage.
You are more poisoned.
It was a potion of heal wounds.
You feel much better.
You feel extremely sick. Dowan casts a spell at you. The stone arrow hits you!
* * * LOW HITPOINT WARNING * * *
You focus on the pain.
You feel more agile all of a sudden.
Dowan hits you with a +2 dagger of venom.
* * * LOW HITPOINT WARNING * * *
You are more poisoned.
Unknown command.
It was a potion of cancellation.
Your magical effects are unravelling.
You feel magically purged.
You feel yourself speed up.
You feel a little less agile now.
You die...

#.#.#..... #.#
##........ #.#
#........# #.#
#........+ ## #.#
#........# . #.##
+........##.# ###...
#.##.)......##.####.....
......e@.........>#.#...
#.#.#.#.#.#.#.#.#.#.#...
#.#.#.#)#.#.#.#.#....
#.#.#.#.#.#.#.#.#.#...
#.#.#.#.#.#.#.#.#.#.#.#
#.#.#.#.....#.#.#.#.#.#.
.#.#.#.#...#.#.#.#+#+#.#
.#+#.#+....#.#.#.....#.
..#.#...#.#.#+.....+#


You could see Dowan (fast).

Vanquished Creatures
  Grinder (D:3)
  Edmund (D:4)
  Menkaure (D:5)
  Duvessa (D:5)
  2 jellies
  A centaur skeleton (D:5)
  2 iguanas (D:4)
  An orc wizard (D:3)
  Robin (D:4)
  A gnoll (D:2)
  6 adders
  A worm (D:5)
  5 dart slugs
  9 orcs
  7 bats
  11 endoplasms
  6 giant cockroaches
  17 goblins
  10 hobgoblins
  5 jackals
  10 kobolds
  4 quokkas
  6 ball pythons
  5 frilled lizards (D:2)
  11 rats
125 creatures vanquished.

Notes
Turn   | Place    | Note
-------+----------+-------------------------------------------
     0 | D:1      | Kinoniko the Demonspawn Berserker began the quest for the
                  | Orb.
     0 | D:1      | Reached XP level 1. HP: 18/18 MP: 1/1
    35 | D:1      | Reached skill level 3 in Axes
   135 | D:1      | Gained mutation: You sometimes gain a little power by
                  | taking damage. [demonic ancestry]
   135 | D:1      | Reached XP level 2. HP: 20/24 MP: 2/2
   776 | D:1      | Found a faded altar of an unknown god.
   925 | D:1      | Reached ** piety under Trog
   929 | D:1      | Gained mutation: You have sharp toenails. [demonic
                  | ancestry]
   929 | D:1      | Reached XP level 3. HP: 27/29 MP: 3/3
  1044 | D:1      | Reached skill level 4 in Axes
  1460 | D:2      | Found a basalt altar of Yredelemnul.
  1756 | D:2      | Gained mutation: You are partially covered in rugged brown
                  | scales. (AC +1, +3% HP) [demonic ancestry]
  1756 | D:2      | Reached XP level 4. HP: 27/36 MP: 4/4
  2597 | D:3      | Reached skill level 5 in Axes
  2691 | D:3      | Reached *** piety under Trog
  2757 | D:3      | Reached XP level 5. HP: 33/42 MP: 5/5
  3018 | D:3      | Noticed Grinder
  3020 | D:3      | Paralysed by Grinder for 5 turns
  3029 | D:3      | Killed Grinder
  3030 | D:3      | Reached skill level 6 in Axes
  3030 | D:3      | Reached XP level 6. HP: 48/48 MP: 6/6
  3683 | D:4      | Noticed Edmund
  3695 | D:4      | Killed Edmund
  3696 | D:4      | Reached skill level 7 in Axes
  3696 | D:4      | Reached XP level 7. HP: 53/53 MP: 7/7
  3802 | D:4      | Noticed Robin
  3823 | D:4      | Killed Robin
  4121 | D:4      | Found an ancient bone altar of Kikubaaqudgha.
  4892 | D:5      | Entered Level 5 of the Dungeon
  4925 | D:5      | Noticed Menkaure
  4933 | D:5      | Killed Menkaure
  4934 | D:5      | Reached skill level 8 in Axes
  5017 | D:5      | Reached **** piety under Trog
  5113 | D:5      | Noticed Duvessa
  5114 | D:5      | Noticed Dowan
  5122 | D:5      | Killed Duvessa
  5133 | D:5      | Succumbed to Dowan's poison

Illustrated notes

Levels and vault maps discovered:
D:1:      dpeg_arrival_ratfight, layout_basic,
          hellmonk_ecumenical_altar_run_dry, minmay_ruptured
D:2:      layout_basic, basic_altar, cheibrodos_gnoll_hut
D:3:      layout_basic, uniq_grinder
D:4:      layout_basic, amcnicky_altar_gilded, uniq_edmund, uniq_robin
D:5:      minmay_chambers_of_fours, layout_basic,
          chequers_serial_rivers_micro_d, uniq_duvessa, uniq_menkaure

Skill      XL: |  1  2  3  4  5  6  7 |
---------------+----------------------+-----
Axes           | 3 4 5 6 7 8 |  8.7
Fighting       | |  3.0
Armour         | |  1.7
Dodging        | |  1.7

Action                   |  1- 3 |  4- 6 |  7- 9 || total
-------------------------+-------+-------+-------++-------
Melee: Hand axe          |   113 |    96 |    92 ||   301
       Kick              |    15 |    22 |    27 ||    64
Invok: Berserk           |     1 |     4 |     6 ||    11
  Use: Scroll            |       |       |     7 ||     7
       Potion            |       |       |     2 ||     2
 Stab: Sleeping          |     1 |       |       ||     1
Armor: Animal skin       |    28 |       |       ||    28
       Ring mail         |     3 |    18 |       ||    21
       Chain mail        |       |    20 |    39 ||    59
Dodge: Dodged            |    65 |    37 |    27 ||   129

Table legend: (Time is in decaauts)
 A = Elapsed time spent in this place.
 B = Non-inter-level travel time spent in this place.
 C = Inter-level travel time spent in this place.
 D = Time resting spent in this place.
 E = Time spent auto-exploring this place.
 F = Levels seen in this place.
 G = Mean time per level.
                   A        B        C        D        E       F      G
               +--------+--------+--------+--------+--------+-----+--------+
         Total |   5232 |   4971 |    261 |    809 |   3514 |   5 | 1046.4 |
       Dungeon |   5232 |   4971 |    261 |    809 |   3514 |   5 | 1046.4 |
               +--------+--------+--------+--------+--------+-----+--------+

Top non-repeatable levels by time:
     D:1: 1375 daAuts
     D:4: 1289 daAuts
     D:3: 1177 daAuts
     D:2: 1132 daAuts
     D:5: 258 daAuts
